FIQ, neutral male scurrid Tourist ------------------ ------------------------- |......!.......... |.......................| .................. |....?...........}}....?| }}}}............ ---------.....}}}}<....}}}}.....--------- .!.......}}}}.........}}}..}}....}}...}}}}.}}}}}}}}| +..}}..}}}}}..}}}}.....?....}}....}}}}}}...}}}| ....}}}}}}}........q...}}.............} }}...}.......*qq.}}...l....>. -...}.....j..q}}}.......- | |...}}}....}}}q}.d......| ---------......a.}}}}.... ---------....}}?.}}}..}.........--------- |}}}..........}}}.........}}}......}}}........}}}}}l...}d..}}}.........}| |}}}}........}}}.............}...}}..}}}}}}....}}.}kGQXr}}}...}}}....}}}| |}}}}}}}}..}}}.}}}}}}......l..}}}......}}}}}........Q}}}}........}}}}}}}| |}}}}}}..}}}.......Y}}}...}}}}....u.......}}}}}.?}}}}Q}}}}}........}}}}}| ---------..............}}}.... ---------.....}}}....}}}}}}.....--------- |.........=)..... |.....%.h....Q..}}......| |............ |........!..............| ------------- ------------------------- FIQ the Rambler Experience level: 1 Strength: 13 Dexterity: 11 Constitution: 14 Intelligence: 11 Wisdom: 8 Charisma: 18 Health: 0(9) Energy: 2(2) Def: 0 Gold: 193 Moves: 35 Dungeon seed: DGcJomdPk6YELHGV Game ID: FIQ_1498600604 Your Inventory: Coins $ - 193 gold pieces Weapons a - 40 uncursed very rusty +2 darts (in quiver) Armor e - an uncursed +0 Hawaiian shirt (being worn) Comestibles b - an uncursed tin of newt meat c - 5 uncursed food rations d - an uncursed tin of sewer rat meat f - 3 uncursed tripe rations g - 2 uncursed carrots h - an uncursed fortune cookie Scrolls j - 4 uncursed scrolls of blank paper Potions i - 2 uncursed diluted potions of extra healing Wands m - an uncursed wand of secret door detection (0:11) Tools k - an uncursed expensive camera (0:68) l - an uncursed credit card n - an uncursed tin opener Spells and supernatural/magical abilities: Name Level Category Fail Memory W - pray for help -- divine ? -- Your skills at the end: Miscellaneous Skills wands [Basic] Weapon Skills dart [Basic] Spellcasting Skills Final Attributes: You were devoutly aligned. You had infravision. You were very stealthy. You are dead. Voluntary challenges: You went without food. You did not adorn yourself with jewelry or accessories. You did not cause conflict. You were not invisible. You did not have reflection. You were not displaced. You were an atheist. You never hit with a wielded weapon. You were a pacifist. You did not use tools. You did not use plumbed fixtures. You did not drink any magical draughts. You were illiterate. You never genocided any monsters. You never polymorphed an object. You never changed form. You used no wishes. You never split a pudding. You never wrote Elbereth's name. You never violated your personal moral code. Dungeon overview: The Dungeons of Doom: levels 1 to 13 Level 1 a long staircase Level 2 Level 3 Level 4 a fountain Level 5 Level 6 Level 7 Level 8 Level 9 Level 10 Level 11 Level 12 Level 13 <- You were here History has recorded: On T:1 you entered the Dungeons of Doom to retrieve the Amulet of Yendor! On T:4 you reached level 2 of The Dungeons of Doom. On T:7 you reached level 3 of The Dungeons of Doom. On T:9 you reached level 4 of The Dungeons of Doom. On T:11 you reached level 5 of The Dungeons of Doom. On T:13 you reached level 6 of The Dungeons of Doom. On T:16 you reached level 7 of The Dungeons of Doom. On T:18 you reached level 8 of The Dungeons of Doom. On T:20 you reached level 9 of The Dungeons of Doom. On T:22 you reached level 10 of The Dungeons of Doom. On T:26 you reached level 11 of The Dungeons of Doom. On T:28 you reached level 12 of The Dungeons of Doom. On T:31 you reached level 13 of The Dungeons of Doom. Score breakdown: Gold: 0 ( 0 points) Experience: 1 level ( 0 points) Exploration: 13 levels ( 360 points) Discoveries: 1 item ( 50 points) Variety of kills: 0 monsters ( 0 points) Major goal: (nothing yet) ( 0 points) Survival: died (score multiplied by 3) Total score: 1230 Latest messages: As you dig, the hole fills with water! You fall into the water! You sink like a rock. Your darts rust! You try to crawl out of the water. Pheew! That was close. The tengu pecks! That command is only available in debug mode. The tengu pecks! You have no weapon equipped. The winter wolf cub breathes frost! The blast of frost hits you! The blast of frost hits the deep ettin! The moat is bridged with ice! The deep ettin casts a spell! The deep ettin looks better. You start digging downward. You continue digging downward. As you dig, the hole fills with water! You fall into the water! You sink like a rock. Your darts rust further! You try to crawl out of the water. Pheew! That was close. The deep ettin punches you! You die... Final status: Aloha FIQ the Tourist, killed by a deep ettin... You died in The Dungeons of Doom on dungeon level 13 with 1230 points, and 193 pieces of gold, after 35 moves. You were level 1 with a maximum of 9 hit points when you died.